 Dungeon Crawl Stone Soup version 0.17-a0-1442-g10bb59b (webtiles) character file.

110 hexophile the Magician (level 4, 0/36 HPs)
             Began as a Naga Wizard on June 27, 2015.
             Succumbed to an adder's poison
             ... on level 2 of the Dungeon.
             The game lasted 00:13:17 (2223 turns).

hexophile the Magician (Naga Wizard)                Turns: 2223, Time: 00:13:17

Health: 0/36       AC:  2    Str:  9    XL:     4   Next: 91%
Magic:  1/10       EV:  9    Int: 19    God:
Gold:   127        SH:  0    Dex: 10    Spells: 4 memorised, 2 levels left

rFire  . . .     SeeInvis +     h - +3 hunting sling
rCold  . . .     Clarity  .     a - +0 robe
rNeg   . . .     SustAt   .     (no shield)
rPois  +         Gourm    .     b - +0 hat
rElec  .         Spirit   .     (no cloak)
rCorr  .         Warding  .     (no gloves)
rMut   .         Stasis   .     (no barding)
MR     .....                    (no amulet)
Stlth  ++........               (no ring)
                                (no ring)

@: lethally poisoned (0 -> -3), short of breath, very slightly contaminated,
hasted, quick, not resistant to hostile enchantments, unstealthy
A: see invisible, deformed body, poison resistance, slowness 2, slow metabolism
1, spit poison 2, AC +1
a: Spit Poison


You were on level 2 of the Dungeon.
You were not hungry.

You visited 1 branch of the dungeon, and saw 2 of its levels.

You collected 127 gold pieces.

Inventory:

Hand weapons
 h - a +3 hunting sling (weapon)
Armour
 a - a +0 robe (worn)
 b - a +0 hat (worn)
Scrolls
 e - a scroll of amnesia {unknown}
 i - a scroll of immolation {unknown}
 k - a scroll of identify {unknown}
 l - a scroll of recharging {unknown}
 m - 3 scrolls of random uselessness {unknown}
 o - a scroll of enchant armour {unknown}
Books
 c - a book of Minor Magic

   Spells                             Type                      Level
   a - Magic Dart                     Conjuration                  1
   b - Blink                          Translocation                2
   c - Call Imp                       Summoning                    2
   d - Repel Missiles                 Charms/Air                   2
   e - Slow                           Hexes                        2
   f - Conjure Flame                  Conjuration/Fire             3
   g - Mephitic Cloud                 Conjuration/Poison/Air       3
Comestibles
 d - 2 bread rations
 g - 8 chunks of flesh
 n - a beef jerky


   Skills:
 + Level 1.2 Armour
 - Level 1.5 Dodging
 - Level 3.1 Stealth
 * Level 4.2 Spellcasting
 * Level 2.4 Conjurations
   Level 1.0 Summonings
 - Level 1.0 Translocations


You had 2 spell levels left.
You knew the following spells:

 Your Spells              Type           Power        Failure   Level  Hunger
a - Magic Dart            Conj           ##..         8%          1    None
b - Blink                 Tloc           N/A          14%         2    #......
c - Conjure Flame         Conj/Fire      #.......     28%         3    ###....
d - Mephitic Cloud        Conj/Pois/Air  #.......     34%         3    ###....


Dungeon Overview and Level Annotations

Branches:
Dungeon (2/15)

Altars:

Annotations:
D:2 exclusions: 3 jackals and 2 more exclusions


Innate Abilities, Weirdness & Mutations

You cannot wear boots.
Your serpentine skin is tough (AC +1).
You have supernaturally acute eyesight.
Armour fits poorly on your strangely shaped body.
Your system is resistant to poisons.
You cover ground very slowly.
You have a slow metabolism.
You can spit poison.


Message History

You feel sick.
You are no longer poisoned.
The adder bites you.
* * * LOW HITPOINT WARNING * * *
Casting: Magic Dart
Confirm with . or Enter, or press ? or * to list all spells.
Aiming: Magic Dart
Press: ? - help, Shift-Dir - straight line, f/p - adder
Aim: an adder (almost dead)
You miscast Magic Dart.
Nothing appears to happen.
The adder bites you.
* * * LOW HITPOINT WARNING * * *
You are lethally poisoned!
The adder poisons you!
Use which ability? (? or * to list)
Press: ? - help, Shift-Dir - straight line, f/p - adder
Aim: an adder (almost dead)
The splash of poison hits the adder.
The adder is poisoned.
You kill the adder!
You feel slightly more hungry.
You die...

#################
########
................##
#......#######
.########.#####..#
#.........<... .♣
♣.♣♣ ##.#
#.....%.$..... .♣
♣♣.♣♣
#.###....).(......
.♣ ♣♣.♣
#@.##......#.....#
.♣ ♣.♣
##.##......#..[..#
♣♣ ♣.♣
#......####.....#
♣ ♣.♣
#...........)...#
♣.♣
#..............(.
♣.♣♣
##'####.......###
♣♣.♣♣ #.# ######
♣♣.♣ #.# ♣.♣♣ #..


There were no monsters in sight!

Vanquished Creatures
  Natasha (twice) (D:2)
  4 adders
  2 worms (D:2)
  5 giant cockroaches (D:2)
  4 goblins
  6 hobgoblins
  2 jackals
  8 bats
  A giant newt (D:2)
  6 kobolds
  2 rats
42 creatures vanquished.

Notes
Turn   | Place    | Note
--------------------------------------------------------------
     0 | D:1      | hexophile the Naga Wizard began the quest for the Orb.
     0 | D:1      | Reached XP level 1. HP: 15/15 MP: 4/4
   453 | D:1      | Reached XP level 2. HP: 22/22 MP: 3/6
  1137 | D:2      | Reached XP level 3. HP: 21/28 MP: 1/8
  1476 | D:2      | Learned a level 2 spell: Blink
  1480 | D:2      | Learned a level 3 spell: Conjure Flame
  1484 | D:2      | Learned a level 3 spell: Mephitic Cloud
  1494 | D:2      | Noticed Natasha
  1512 | D:2      | Killed Natasha
  1512 | D:2      | Reached skill level 1 in Armour
  1512 | D:2      | Reached XP level 4. HP: 28/36 MP: 0/9
  1516 | D:2      | Reached skill level 4 in Spellcasting
  1681 | D:2      | Noticed Natasha
  1686 | D:2      | Killed Natasha
  2222 | D:2      | HP: 1/36 [adder (4)]
  2223 | D:2      | Succumbed to an adder's poison

Vault maps used:
D:1:      mrwooster_arrival_statue_2, nrook_loot_triangle, minmay_ruptured
D:2:      forest_paths, uniq_natasha

Action                   |  1- 3 |  4- 6 || total
-------------------------+-------+-------++-------
Melee: Unarmed           |     1 |       ||     1
 Fire: Hunting sling     |     9 |     3 ||    12
 Cast: Magic Dart        |    58 |    43 ||   101
       Blink             |     3 |       ||     3
       Mephitic Cloud    |       |     1 ||     1
 Abil: Spit Poison       |    15 |    10 ||    25
  Use: Potion            |     3 |     1 ||     4
       Scroll            |     1 |       ||     1
  Eat: Chunk             |     1 |       ||     1
       Meat ration       |       |     1 ||     1
